 Dungeon Crawl Stone Soup version 0.31.0-11-ge490571c62 (webtiles) character file.

Game seed: 15070360560105021757

78687 qw the Acrobat (level 14, -16/72 HPs)
             Began as a Spriggan Hunter on Feb 3, 2024.
             Was a High Priest of Okawaru.
             Demolished by a vault guard
             ... wielding a +0 great mace
              (22 damage)
             ... on level 14 of the Dungeon.
             The game lasted 00:05:39 (16530 turns).

qw the Acrobat (Spriggan Hunter)                   Turns: 16530, Time: 00:05:39

Health: -16/72     AC: 12    Str: 13    XL:     14   Next: 87%
Magic:  2/7        EV: 50    Int: 12    God:    Okawaru [*****.]
Gold:   1569       SH:  5    Dex: 37    Spells: 13/13 levels left

rFire   + + .        x - +4 hand cannon (antimagic)
rCold   . . .        (no shield)
rNeg    + . .        w - +6 acid dragon scales of Wrong Decisions {rC- rN+ Will+ rCorr Dex+2}
rPois   .            (helmet restricted)
rElec   .            g - scarf "Ogir" {rC+ rF+, *Corrode +Blink Stlth+}
rCorr   +            (gloves unavailable)
SInv    +            (boots unavailable)
Will    ++...        p - amulet of reflection
Stlth   ++++         l - ring "Myogehal" {rF+ Will- Str+6 Dex+7 SInv}
HPRegen 0.32/turn    a - +6 ring of dexterity
MPRegen 0.10/turn

%: corrode self (3%), reflection
@: about to teleport, finesse-ful, very quick
A: very small, no large weapons, unfitting armour, see invisible, speed 3
a: Renounce Religion, Evoke Blink, Heroism, Finesse, Duel


You were on level 14 of the Dungeon.
You worshipped Okawaru.
Okawaru was extremely pleased with you.
You visited 3 branches of the dungeon, and saw 20 of its levels.

You collected 2472 gold pieces.
You spent 903 gold pieces at shops.


Innate Abilities, Weirdness & Mutations

You are very small and have problems with some larger weapons.
You are too small for most types of armour.
You have supernaturally acute eyesight. (SInv)
You cover ground extremely quickly. (Speed+++)


   Skills:
 - Level 7.0 Fighting
 + Level 17.0 Ranged Weapons
 - Level 2.0 Armour
 - Level 21.0 Dodging
 - Level 1.5 Stealth
 - Level 10.0 Invocations


You had 13 spell levels left.
You didn't know any spells.
Your spell library was empty.

Inventory:

Hand Weapons
 x - a +4 antimagic hand cannon (weapon)
Armour
 c - a +0 cloak
 g - the scarf "Ogir" (worn) {rC+ rF+, *Corrode +Blink Stlth+}
   (You acquired it on level 3 of the Dungeon)

   +Blink:    It lets you blink.
   *Corrode:  It may corrode you when you take damage.
   Stlth+:    It makes you more stealthy.
 n - the +5 moon troll leather armour {Spirit, Regen++ MP+5}
   (You found it on level 7 of the Dungeon)

   MP+5:      It affects your magic capacity (+5).
   Regen++:   It increases your rate of health regeneration.
 w - the +6 acid dragon scales of Wrong Decisions (worn) {rC- rN+ Will+ rCorr Dex+2}
   (Okawaru gifted it to you on level 3 of the Lair of Beasts)

   Dex+2:     It affects your dexterity (+2).
   rC-:       It makes you vulnerable to cold.
   rN+:       It protects you from negative energy.
   Will+:     It increases your willpower.
   rCorr:     It protects you from acid and corrosion.
Jewellery
 a - a +6 ring of dexterity (right hand)
 l - the ring "Myogehal" (left hand) {rF+ Will- Str+6 Dex+7 SInv}
   (You acquired it on level 3 of the Dungeon)

   [ring of strength]

   Str+6:     It affects your strength (+6).
   Dex+7:     It affects your dexterity (+7).
   rF+:       It protects you from fire.
   Will-:     It decreases your willpower.
   SInv:      It lets you see invisible.
 p - an amulet of reflection (around neck)
 z - a ring of flight
Wands
 h - a wand of polymorph (9)
 o - a wand of roots (26)
 q - a wand of quicksilver (5)
 s - a wand of paralysis (5)
 y - a wand of mindburst (5)
Scrolls
 f - 7 scrolls of identify
 k - 4 scrolls of teleportation
 r - 3 scrolls of enchant armour
Potions
 b - 8 potions of heal wounds
 d - 8 potions of mutation
 e - 2 potions of cancellation
 i - 12 potions of curing
 j - 3 potions of enlightenment
 m - a potion of magic
 t - 2 potions of haste
 u - 2 potions of might
 v - a potion of resistance

Dungeon Overview and Level Annotations

Branches:
Dungeon (14/15)            Temple (1/1) D:7            Lair (5/5) D:11
 Shoals (0/4) Lair:3        Snake (0/4) Lair:2        Slime (0/5) Lair:4
    Orc (0/2) D:11
 Vaults: D:13-14

Altars:
Ashenzari
Cheibriados
Dithmenos
Elyvilon
Fedhas
Gozag
Hepliaklqana
Kikubaaqudgha
Makhleb
Nemelex Xobeh
Okawaru
Qazlal
Ru
Sif Muna
Trog
Uskayaw
Vehumet
Wu Jian
Xom
Yredelemnul
Zin
The Shining One
Jiyva
Lugonu

Shops:
D:4 :   D:5 *   D:8 **

Portals:
Abyss: Lair:5
Bailey: D:9

Annotations:
D:7 1 runed translucent door
Lair:2 1 runed translucent door, qw's ghost, journeyman DEHu


Message History

The frost grips you!!
You are encased in ice.
16524 ||| ZAPPING wand of quicksilver (7) at -3,0 (ironbound frostheart; floor).
Aiming: Quicksilver Bolt
Press: ? - help, Q - select action, (/) - cycle Shift-Dir - straight line, f/p - ironbound frostheart The bolt of dispelling energy hits the vault guard.
The vault guard is heavily wounded.
The bolt of dispelling energy misses the tengu warrior.
The bolt of dispelling energy hits the ironbound frostheart!
The ironbound frostheart is severely wounded.
The vault guard misses you.
16525 ||| ZAPPING wand of quicksilver (6) at -3,0 (ironbound frostheart; floor).
Aiming: Quicksilver Bolt
Press: ? - help, Q - select action, (/) - cycle Shift-Dir - straight line, f/p - ironbound frostheart The bolt of dispelling energy hits the vault guard!
The vault guard is almost dead.
The bolt of dispelling energy hits the tengu warrior!!
You kill the tengu warrior!
Okawaru accepts your kill.
The bolt of dispelling energy hits the ironbound frostheart!!
You kill the ironbound frostheart!
Okawaru accepts your kill. The vault guard completely misses you.
You shoot a bolt. The bolt hits the vault guard.
The vault guard is almost dead.
You shoot a bolt. The bolt hits the vault guard!
You kill the vault guard!
Okawaru accepts your kill.
Your Dodging skill increases to level 21!
You shoot a bolt. The bolt hits the vault guard!!
The vault guard is moderately wounded.
You shoot a bolt. The bolt hits the vault guard!!
The vault guard is heavily wounded.
The ice encasing you melts away.
The vault guard hits you with a +0 great mace!!
16530 ||| READING 5 scrolls of teleportation.
As you read the scroll of teleportation, it crumbles to dust.
You feel strangely unstable.
The vault guard hits you with a +0 great mace!!
You die...

.######
####...######8.8#......
......#
#.........##.##...###
#####.#
##...#######'##..## #.#
##.## ##.##..# #.#
#########..##..# #.#
#...........# #.#
#.########.## #.#
#######.########.#
#####.#
#.[zp@0..........#
....%%#
#...###.##########
%####.######'''# #.# .#
#.#...#..... #.# .#
#.#...#.....##.# .#
#.....##.Q.##..# ##
###....#...# ###
#....##c## #######.


You could see a vault guard and a laughing skull.

Vanquished Creatures
  A vault guard (D:14)
  4 hydras
  2 centaur warriors (D:14)
  3 boulder beetles
  A catoblepas (Lair:5)
  An ironbound frostheart (D:14)
  6 two-headed ogres
  3 tengu warriors (D:14)
  3 thrashing horrors (Lair:5)
  3 skysharks
  5 skeletal warriors
  11 slime creatures
  2 large abominations (Lair:5)
  A necromancer (Lair:2)
  A deep elf pyromancer (D:12)
  2 cyclopes
  18 ugly things
  3 black mambas
  3 manticores
  Maurice (D:8)
  Joseph (D:8)
  6 elephants (Lair:3)
  3 gargoyles
  5 cane toads
  An unseen horror (D:11)
  2 rime drakes
  A cane toad (shapeshifter) (Lair:5)
  2 efreet (D:14)
  8 komodo dragons
  2 tengu conjurers (D:14)
  2 burning bushes (Lair:3)
  3 trolls
  A polar bear (shapeshifter) (Lair:5)
  2 raiju (Lair:5)
  A hornet (Lair:2)
  3 polar bears
  22 blink frogs
  Grinder (D:5)
  2 shadows
  3 wraiths
  2 ynoxinuls (Lair:5)
  3 wyverns
  38 yaks
  A spriggan (Lair:5)
  2 humans (D:14)
  2 steam dragons (D:7)
  3 basilisks
  11 vampire mosquitoes
  A chaos spawn (Lair:5)
  Menkaure (D:4)
  A naga (shapeshifter) (Lair:5)
  2 nagas (Lair:2)
  21 water moccasins
  An acid dragon (shapeshifter) (Lair:5)
  3 acid dragons
  Duvessa (D:4)
  5 orc warriors
  2 ice beasts
  3 black bears
  2 sky beasts (D:7)
  9 small abominations (Lair:5)
  3 ogres
  10 centaurs
  12 wolves
  2 kobold brigands (D:9)
  A gnoll sergeant (D:10)
  8 bullfrogs
  A scorpion (D:5)
  A burial acolyte (D:5)
  13 wights
  Dowan (D:4)
  29 killer bees
  An electric eel (D:10)
  2 jellies
  11 orc priests
  2 hounds
  An iguana (D:5)
  11 orc wizards
  3 polar bear simulacra (Lair:2)
  2 yak simulacra (Lair:2)
  5 wolf simulacra (Lair:2)
  2 hound zombies (D:5)
  9 gnolls
  7 adders
  A river rat (Lair:2)
  2 shadow imps (D:5)
  A white imp (D:8)
  An adder zombie (D:5)
  2 ribbon worms (D:3)
  36 orcs
  8 ball pythons
  6 bats
  6 endoplasms
  13 giant cockroaches
  2 gnoll zombies (D:5)
  7 goblins
  A hobgoblin (D:1)
  20 kobolds
  4 quokkas
  2 kobold zombies (D:5)
  4 rats
  A river rat simulacrum (Lair:2)
513 creatures vanquished.

Notes
Turn   | Place    | Note
-------+----------+-------------------------------------------
     0 | D:1      | qw the Spriggan Hunter began the quest for the Orb.
     0 | D:1      | Reached XP level 1. HP: 10/10 MP: 2/2
     0 | D:1      | 0 ||| qw: Version: 0.3-a-155-g5e7d8dd
     0 | D:1      | 0 ||| qw: Game counter: 3426
     0 | D:1      | 0 ||| qw: Melee chars always use a shield: true
     0 | D:1      | 0 ||| qw: God list: Okawaru
     0 | D:1      | 0 ||| qw: Allow faded altars: false
     0 | D:1      | 0 ||| qw: Do Orc after clearing Dungeon:15 true
     0 | D:1      | 0 ||| qw: Do second Lair branch before Depths: true
     0 | D:1      | 0 ||| qw: Lair rune preference: random
     0 | D:1      | 0 ||| qw: Goals: Normal
     0 | D:1      | 0 ||| PLANNING D:1-11
    32 | D:1      | Reached skill level 3 in Dodging
   153 | D:1      | Reached XP level 2. HP: 14/14 MP: 3/3
   194 | D:1      | Reached skill level 4 in Dodging
   722 | D:1      | Found a faded altar of an unknown god.
   740 | D:1      | 740 ||| READING scroll labelled BOXTEAPHOI.
   741 | D:1      | 741 ||| READING scroll labelled FINIR TIEHIEQU.
   741 | D:1      | 741 ||| IDENTIFYING viscous cyan potion
   742 | D:1      | 742 ||| DRINKING potion of experience.
   742 | D:1      | Reached XP level 3. HP: 18/18 MP: 4/4
   743 | D:1      | 743 ||| READING 2 scrolls labelled GIOS ZUHUNEUQIRI.
   748 | D:1      | 748 ||| READING scroll labelled XESEEB DOPPE.
   749 | D:1      | 749 ||| DROPPING scroll of butterflies.
   885 | D:2      | Reached XP level 4. HP: 22/22 MP: 5/5
  1809 | D:2      | 1809 ||| DRINKING 2 sedimented emerald potions.
  1940 | D:3      | Found an opulent altar of Gozag.
  1943 | D:3      | Found a shimmering blue altar of Sif Muna.
  1946 | D:3      | Found a bloodstained altar of Trog.
  1946 | D:3      | Found a broken altar of Ashenzari.
  2302 | D:3      | HP: 5/22 [goblin/+0 dagger (2)]
  2303 | D:3      | 2303 ||| READING scroll of teleportation.
  2484 | D:3      | 2484 ||| READING 2 scrolls of identify.
  2484 | D:3      | 2484 ||| IDENTIFYING sapphire potion
  2485 | D:3      | 2485 ||| READING scroll of identify.
  2485 | D:3      | 2485 ||| IDENTIFYING purple potion
  2486 | D:3      | 2486 ||| READING 3 scrolls labelled KOXIUXTERR.
  2486 | D:3      | Identified 3 scrolls of acquirement
  2486 | D:3      | 2486 ||| ACQUIRING 1084 gold pieces
  2486 | D:3      | Acquired 1084 gold pieces
  2488 | D:3      | 2488 ||| READING 2 scrolls of acquirement.
  2488 | D:3      | 2488 ||| ACQUIRING ring "Myogehal" {rF+ Will- Str+6 Dex+7
                  | SInv}
  2488 | D:3      | Acquired the ring "Myogehal" {rF+ Will- Str+6 Dex+7 SInv}
  2490 | D:3      | 2490 ||| UPGRADING to ring "Myogehal" {rF+ Will- Str+6
                  | Dex+7 SInv}.
  2491 | D:3      | 2491 ||| READING scroll of acquirement.
  2491 | D:3      | 2491 ||| ACQUIRING scarf "Ogir" {rC+ rF+, *Corrode +Blink
                  | Stlth+}
  2491 | D:3      | Acquired the scarf "Ogir" {rC+ rF+, *Corrode +Blink Stlth+}
  2493 | D:3      | 2493 ||| UPGRADING to scarf "Ogir" {rC+ rF+, *Corrode
                  | +Blink Stlth+}.
  2498 | D:3      | 2498 ||| READING scroll labelled MIYNUSUNUI.
  2499 | D:3      | 2499 ||| READING scroll labelled MERATA ISEIRHI.
  2500 | D:3      | 2500 ||| READING scroll labelled HAAXEYR WOAHIOGGI.
  2501 | D:3      | 2501 ||| DROPPING potion of attraction.
  2617 | D:4      | Reached XP level 5. HP: 25/25 MP: 6/6
  2628 | D:4      | Reached skill level 5 in Dodging
  2677 | D:4      | Found Ecum's Book Emporium.
  2758 | D:4      | Noticed Menkaure
  2759 | D:4      | 2759 ||| ZAPPING wand of quicksilver (7) at 4,1 (Menkaure;
                  | floor).
  2760 | D:4      | 2760 ||| ZAPPING wand of quicksilver (6) at 4,1 (Menkaure;
                  | floor).
  2761 | D:4      | 2761 ||| ZAPPING wand of quicksilver (5) at 3,1 (Menkaure;
                  | floor).
  2761 | D:4      | Killed Menkaure
  2762 | D:4      | Reached skill level 6 in Dodging
  2762 | D:4      | Reached XP level 6. HP: 30/30 MP: 7/7
  2776 | D:4      | Noticed Dowan
  2778 | D:4      | 2778 ||| FLEEEEING.
  2779 | D:4      | 2779 ||| FLEEEEING.
  2779 | D:4      | Noticed Duvessa
  2780 | D:4      | 2780 ||| FLEEEEING.
  2781 | D:4      | 2781 ||| FLEEEEING.
  2782 | D:4      | 2782 ||| FLEEEEING.
  2783 | D:4      | 2783 ||| FLEEEEING.
  2784 | D:4      | 2784 ||| FLEEEEING.
  2785 | D:4      | 2785 ||| FLEEEEING.
  2786 | D:4      | 2786 ||| FLEEEEING.
  2787 | D:4      | 2787 ||| FLEEEEING.
  2788 | D:4      | 2788 ||| FLEEEEING.
  2789 | D:4      | 2789 ||| FLEEEEING.
  2790 | D:4      | 2790 ||| FLEEEEING.
  2791 | D:4      | 2791 ||| FLEEEEING.
  2792 | D:4      | 2792 ||| FLEEEEING.
  2793 | D:4      | 2793 ||| FLEEEEING.
  2798 | D:4      | 2798 ||| ZAPPING wand of quicksilver (4) at -2,0 (Duvessa;
                  | floor).
  2799 | D:4      | 2799 ||| ZAPPING wand of quicksilver (3) at -1,0 (Duvessa;
                  | floor).
  2800 | D:4      | 2800 ||| ZAPPING wand of quicksilver (2) at -1,0 (Duvessa;
                  | floor).
  2800 | D:4      | Killed Duvessa
  2810 | D:4      | 2810 ||| ZAPPING wand of quicksilver (1) at -1,-1 (Dowan;
                  | floor).
  2810 | D:4      | Killed Dowan
  2884 | D:4      | Found a glowing golden altar of the Shining One.
  3094 | D:4      | Reached skill level 7 in Dodging
  3094 | D:4      | Reached XP level 7. HP: 25/35 MP: 8/8
  3248 | D:4      | 3248 ||| UPGRADING to amulet of regeneration.
  3253 | D:4      | 3253 ||| READING scroll of identify.
  3253 | D:4      | 3253 ||| IDENTIFYING silvery potion
  3254 | D:4      | 3254 ||| READING scroll labelled VITEXTEXTEN.
  3355 | D:4      | 3355 ||| DRINKING 2 clear potions.
  3356 | D:4      | 3356 ||| DROPPING potion of degeneration.
  3372 | D:5      | Entered Level 5 of the Dungeon
  3405 | D:5      | Reached skill level 8 in Dodging
  3432 | D:5      | Found Viuppot's Assorted Antiques.
  3454 | D:5      | Reached skill level 9 in Dodging
  3468 | D:5      | 3468 ||| BUYING arbalest (99 gold).
  3468 | D:5      | Bought an arbalest for 99 gold pieces
  3468 | D:5      | 3468 ||| BUYING scroll of identify (44 gold).
  3468 | D:5      | Bought a scroll of identify for 44 gold pieces
  3468 | D:5      | 3468 ||| BUYING white potion (19 gold).
  3468 | D:5      | Bought a white potion for 19 gold pieces
  3468 | D:5      | 3468 ||| BUYING worn bone wand (88 gold).
  3468 | D:5      | Bought a worn bone wand for 88 gold pieces
  3468 | D:5      | 3468 ||| BUYING wand of roots (4) (211 gold).
  3468 | D:5      | Bought a wand of roots (4) for 211 gold pieces
  3468 | D:5      | 3468 ||| SWAPPING to +0 arbalest.
  3469 | D:5      | 3469 ||| DROPPING +0 shortbow.
  3503 | D:5      | Noticed Grinder
  3512 | D:5      | Killed Grinder
  3513 | D:5      | Reached skill level 3 in Fighting
  3513 | D:5      | Reached XP level 8. HP: 18/40 MP: 9/9
  3541 | D:5      | Found a stormy altar of Qazlal.
  3566 | D:5      | Found an ancient bone altar of Kikubaaqudgha.
  3614 | D:5      | Found a radiant altar of Vehumet.
  4031 | D:5      | Reached skill level 10 in Dodging
  4076 | D:5      | 4076 ||| DROPPING amulet of the acrobat.
  4077 | D:5      | 4077 ||| DROPPING amulet of magic regeneration.
  4078 | D:5      | 4078 ||| UPGRADING to +6 ring of dexterity.
  4079 | D:5      | 4079 ||| DROPPING ring of fire.
  4080 | D:5      | 4080 ||| READING 2 scrolls of identify.
  4080 | D:5      | 4080 ||| IDENTIFYING fuming silvery potion
  4081 | D:5      | 4081 ||| READING scroll of identify.
  4081 | D:5      | 4081 ||| IDENTIFYING white potion
  4082 | D:5      | 4082 ||| DRINKING 2 coppery potions.
  4083 | D:5      | 4083 ||| DROPPING potion of magic.
  4182 | D:6      | Reached skill level 11 in Dodging
  4217 | D:6      | 4217 ||| FLEEEEING.
  4228 | D:6      | 4228 ||| FLEEEEING.
  4229 | D:6      | 4229 ||| FLEEEEING.
  4230 | D:6      | 4230 ||| FLEEEEING.
  4231 | D:6      | 4231 ||| FLEEEEING.
  4232 | D:6      | 4232 ||| FLEEEEING.
  4233 | D:6      | 4233 ||| FLEEEEING.
  4236 | D:6      | 4236 ||| FLEEEEING.
  4237 | D:6      | 4237 ||| FLEEEEING.
  4238 | D:6      | 4238 ||| FLEEEEING.
  4239 | D:6      | 4239 ||| FLEEEEING.
  4240 | D:6      | 4240 ||| FLEEEEING.
  4539 | D:6      | Found a sacrificial altar of Ru.
  4615 | D:6      | 4615 ||| READING 3 scrolls of identify.
  4615 | D:6      | 4615 ||| IDENTIFYING fizzy dark potion
  4624 | D:7      | Reached skill level 12 in Dodging
  4624 | D:7      | Reached XP level 9. HP: 44/44 MP: 10/10
  4659 | D:7      | 4659 ||| RETREEEEATING.
  4661 | D:7      | 4661 ||| FLEEEEING.
  4662 | D:7      | 4662 ||| FLEEEEING.
  4663 | D:7      | 4663 ||| FLEEEEING.
  4705 | D:7      | Reached skill level 13 in Dodging
  4713 | D:7      | Found a white marble altar of Elyvilon.
  4926 | D:7      | 4926 ||| FLEEEEING.
  4939 | D:7      | Found a runed translucent door.
  4943 | D:7      | Noticed a troll
  4950 | D:7      | 4950 ||| DRINKING 2 potions of haste.
  4955 | D:7      | Killed a troll
  4962 | D:7      | Noticed a skeletal warrior
  4976 | D:7      | Killed a skeletal warrior
  4985 | D:7      | Reached XP level 10. HP: 32/49 MP: 11/11
  5098 | D:7      | Reached skill level 14 in Dodging
  5283 | D:7      | Found a staircase to the Ecumenical Temple.
  5284 | D:7      | 5284 ||| PLANNING TEMPLE
  5284 | D:7      | 5284 ||| UPGRADING to amulet of reflection.
  5294 | D:7      | 5294 ||| DROPPING amulet of regeneration.
  5303 | Temple   | Entered the Ecumenical Temple
  5304 | Temple   | 5304 ||| PLANNING OKAWARU WORSHIP
  5312 | Temple   | Became a worshipper of Warmaster Okawaru
  5313 | Temple   | 5313 ||| PLANNING D:1-11
  5569 | D:7      | Noticed a cyclops
  5570 | D:7      | 5570 ||| DRINKING potion of haste.
  5573 | D:7      | Noticed a cyan ugly thing
  5579 | D:7      | Killed a cyclops
  5580 | D:7      | Reached skill level 15 in Dodging
  5586 | D:7      | Killed a cyan ugly thing
  5593 | D:7      | Found the +5 moon troll leather armour {Spirit, Regen++
                  | MP+5}
  5595 | D:7      | Identified the +5 hand axe of Othrujos {pain, Will+}
  5595 | D:7      | Identified the +1 robe "Weben Dep" {Rampage rElec}
  5597 | D:7      | 5597 ||| SWAPPING to +1 orcbow of flaming.
  5598 | D:7      | 5598 ||| DROPPING +0 arbalest.
  5599 | D:7      | 5599 ||| UPGRADING to +5 moon troll leather armour {Spirit,
                  | Regen++ MP+5}.
  5649 | D:7      | 5649 ||| DROPPING +0 robe.
  5650 | D:7      | 5650 ||| DROPPING +1 robe "Weben Dep" {Rampage rElec}.
  5657 | D:7      | Noticed a gargoyle
  5671 | D:7      | Killed a gargoyle
  5671 | D:7      | Reached * piety under Okawaru
  5730 | D:8      | 5730 ||| STAIRDANCE
  5734 | D:8      | 5734 ||| STAIRDANCE
  5738 | D:8      | 5738 ||| STAIRDANCE
  5747 | D:7      | Reached skill level 12 in Ranged Weapons
  5776 | D:8      | Reached skill level 1 in Invocations
  5900 | D:8      | Noticed Maurice
  5901 | D:8      | 5901 ||| INVOKING Heroism.
  5905 | D:8      | Killed Maurice
  6071 | D:8      | Found Pykub's Assorted Antiques.
  6080 | D:8      | 6080 ||| BUYING 2 potions of curing (156 gold).
  6080 | D:8      | Bought 2 potions of curing for 156 gold pieces
  6080 | D:8      | 6080 ||| BUYING potion of curing (78 gold).
  6080 | D:8      | Bought a potion of curing for 78 gold pieces
  6156 | D:8      | Found Mauc's Changing Room.
  6172 | D:8      | 6172 ||| BUYING potion of mutation (104 gold).
  6172 | D:8      | Bought a potion of mutation for 104 gold pieces
  6172 | D:8      | 6172 ||| BUYING potion of mutation (104 gold).
  6172 | D:8      | Bought a potion of mutation for 104 gold pieces
  6246 | D:8      | Noticed Joseph
  6247 | D:8      | 6247 ||| RETREEEEATING.
  6248 | D:8      | 6248 ||| INVOKING Heroism.
  6250 | D:8      | 6250 ||| RETREEEEATING.
  6263 | D:8      | Reached skill level 3 in Invocations
  6268 | D:8      | Reached XP level 11. HP: 54/54 MP: 14/14
  6275 | D:8      | Killed Joseph
  6275 | D:8      | Reached ** piety under Okawaru
  6581 | D:8      | 6581 ||| READING 4 scrolls of identify.
  6581 | D:8      | 6581 ||| IDENTIFYING 2 glowing white potions
  6582 | D:8      | 6582 ||| READING 3 scrolls of identify.
  6582 | D:8      | 6582 ||| IDENTIFYING scroll labelled GERCHOU VUHIU
  6583 | D:8      | 6583 ||| DROPPING 2 potions of lignification.
  7056 | D:9      | Found a flagged portal.
  7187 | D:9      | 7187 ||| READING 2 scrolls of identify.
  7187 | D:9      | 7187 ||| IDENTIFYING smoky inky potion
  7188 | D:9      | 7188 ||| READING scroll of identify.
  7188 | D:9      | 7188 ||| IDENTIFYING bubbling orange potion
  7189 | D:9      | 7189 ||| READING scroll labelled MALETA JIQE.
  7190 | D:9      | 7190 ||| READING scroll labelled SEMMOI UFYXA.
  7231 | D:9      | 7231 ||| DROPPING potion of invisibility.
  7303 | D:10     | Entered Level 10 of the Dungeon
  7322 | D:10     | Found a sparkling altar of Nemelex Xobeh.
  7330 | D:10     | 7330 ||| RETREEEEATING.
  7331 | D:10     | 7331 ||| RETREEEEATING.
  7333 | D:10     | 7333 ||| RETREEEEATING.
  7381 | D:10     | Reached skill level 16 in Dodging
  7617 | D:10     | Reached *** piety under Okawaru
  7674 | D:10     | Noticed a two-headed ogre
  7675 | D:10     | 7675 ||| INVOKING Heroism.
  7679 | D:10     | Killed a two-headed ogre
  7728 | D:10     | 7728 ||| RETREEEEATING.
  7884 | D:10     | Noticed a two-headed ogre
  7889 | D:10     | 7889 ||| INVOKING Heroism.
  7894 | D:10     | Killed a two-headed ogre
  8330 | D:11     | 8330 ||| STAIRDANCE
  8335 | D:11     | 8335 ||| STAIRDANCE
  8337 | D:10     | 8337 ||| RETREEEEATING.
  8338 | D:10     | 8338 ||| RETREEEEATING.
  8345 | D:10     | 8345 ||| RETREEEEATING.
  8358 | D:11     | 8358 ||| STAIRDANCE
  8494 | D:11     | Noticed a cyan ugly thing
  8495 | D:11     | 8495 ||| RETREEEEATING.
  8503 | D:11     | 8503 ||| INVOKING Heroism.
  8507 | D:11     | Killed a cyan ugly thing
  8508 | D:11     | Reached skill level 17 in Dodging
  8519 | D:11     | Reached **** piety under Okawaru
  8623 | D:11     | Found a staircase to the Orcish Mines.
  8627 | D:11     | Noticed a two-headed ogre
  8628 | D:11     | 8628 ||| INVOKING Finesse.
  8642 | D:11     | Killed a two-headed ogre
  8736 | D:11     | Found a staircase to the Lair.
  8841 | D:11     | Reached XP level 12. HP: 60/60 MP: 16/16
  8900 | D:11     | 8900 ||| PLANNING LAIR
  8963 | Lair:1   | Entered Level 1 of the Lair of Beasts
  8977 | Lair:1   | 8977 ||| RETREEEEATING.
  9645 | Lair:1   | 9645 ||| DROPPING +6 ring of strength.
  9674 | Lair:2   | 9674 ||| INVOKING Finesse.
  9677 | Lair:2   | Reached skill level 6 in Invocations
  9835 | Lair:2   | Found a runed translucent door.
  9836 | Lair:2   | Noticed qw's ghost (journeyman DEHu)
  9857 | Lair:2   | 9857 ||| RETREEEEATING.
  9858 | Lair:2   | 9858 ||| RETREEEEATING.
  9859 | Lair:2   | 9859 ||| RETREEEEATING.
  9860 | Lair:2   | 9860 ||| RETREEEEATING.
  9872 | Lair:2   | 9872 ||| DRINKING 2 potions of cancellation.
  9876 | Lair:2   | 9876 ||| RETREEEEATING.
  9879 | Lair:2   | 9879 ||| RETREEEEATING.
  9881 | Lair:2   | 9881 ||| RETREEEEATING.
  9882 | Lair:2   | 9882 ||| RETREEEEATING.
  9883 | Lair:2   | 9883 ||| RETREEEEATING.
  9884 | Lair:2   | 9884 ||| RETREEEEATING.
  9885 | Lair:2   | 9885 ||| RETREEEEATING.
  9886 | Lair:2   | 9886 ||| RETREEEEATING.
  9888 | Lair:2   | Reached ***** piety under Okawaru
  9901 | Lair:2   | Reached skill level 6 in Fighting
  9973 | Lair:2   | 9973 ||| RETREEEEATING.
 10008 | Lair:2   | Found a staircase to the Snake Pit.
 10182 | Lair:2   | You fall into a shaft and drop 1 floor!
 10249 | Lair:3   | 10249 ||| READING 4 scrolls of identify.
 10249 | Lair:3   | 10249 ||| IDENTIFYING golden potion
 10250 | Lair:3   | 10250 ||| READING 3 scrolls of identify.
 10250 | Lair:3   | 10250 ||| IDENTIFYING scroll labelled ENIEJA ZOCIKKAL
 10251 | Lair:3   | 10251 ||| DROPPING scroll of revelation.
 10252 | Lair:3   | 10252 ||| DROPPING potion of berserk rage.
 10701 | Lair:3   | 10701 ||| STAIRDANCE
 10723 | Lair:3   | 10723 ||| RETREEEEATING.
 10767 | Lair:3   | 10767 ||| RETREEEEATING.
 10802 | Lair:3   | Found a staircase to the Shoals.
 10822 | Lair:3   | 10822 ||| SWAPPING to +2 orcbow of draining.
 10949 | Lair:3   | 10949 ||| RETREEEEATING.
 10958 | Lair:3   | Reached skill level 18 in Dodging
 10973 | Lair:3   | Reached skill level 1 in Armour
 10973 | Lair:3   | Reached XP level 13. HP: 64/65 MP: 20/20
 10976 | Lair:3   | Reached ****** piety under Okawaru
 10995 | Lair:3   | 10995 ||| INVOKING Receive Weapon.
 10995 | Lair:3   | 10995 ||| ACQUIRING +4 antimagic hand cannon
 10995 | Lair:3   | Acquired a +4 antimagic hand cannon
 10995 | Lair:3   | Received a gift from Okawaru
 10996 | Lair:3   | 10996 ||| INVOKING Receive Armour.
 10996 | Lair:3   | 10996 ||| ACQUIRING +6 acid dragon scales of Wrong
                  | Decisions {rC- rN+ Will+ rCorr Dex+2}
 10996 | Lair:3   | Acquired the +6 acid dragon scales of Wrong Decisions {rC-
                  | rN+ Will+ rCorr Dex+2}
 10996 | Lair:3   | Received a gift from Okawaru
 10998 | Lair:3   | 10998 ||| SWAPPING to +4 antimagic hand cannon.
 10999 | Lair:3   | 10999 ||| DROPPING +1 orcbow of flaming.
 11000 | Lair:3   | 11000 ||| DROPPING +2 orcbow of draining.
 11014 | Lair:3   | 11014 ||| RETREEEEATING.
 11015 | Lair:3   | 11015 ||| RETREEEEATING.
 11017 | Lair:3   | 11017 ||| RETREEEEATING.
 11018 | Lair:3   | 11018 ||| RETREEEEATING.
 11019 | Lair:3   | 11019 ||| RETREEEEATING.
 11020 | Lair:3   | 11020 ||| RETREEEEATING.
 11023 | Lair:3   | 11023 ||| RETREEEEATING.
 11024 | Lair:3   | 11024 ||| RETREEEEATING.
 11025 | Lair:3   | 11025 ||| RETREEEEATING.
 11026 | Lair:3   | 11026 ||| RETREEEEATING.
 11027 | Lair:3   | 11027 ||| RETREEEEATING.
 11028 | Lair:3   | 11028 ||| RETREEEEATING.
 11029 | Lair:3   | 11029 ||| RETREEEEATING.
 11030 | Lair:3   | 11030 ||| RETREEEEATING.
 11031 | Lair:3   | 11031 ||| RETREEEEATING.
 11032 | Lair:3   | 11032 ||| RETREEEEATING.
 11034 | Lair:3   | 11034 ||| RETREEEEATING.
 11036 | Lair:3   | 11036 ||| RETREEEEATING.
 11155 | Lair:3   | Reached skill level 9 in Invocations
 11304 | Lair:3   | 11304 ||| UPGRADING to +6 acid dragon scales of Wrong
                  | Decisions {rC- rN+ Will+ rCorr Dex+2}.
 11370 | Lair:3   | 11370 ||| SWAPPING to +0 heavy arbalest.
 11453 | Lair:3   | 11453 ||| DROPPING ring of resist corrosion.
 11672 | Lair:4   | 11672 ||| SWAPPING to +4 antimagic hand cannon.
 11673 | Lair:4   | 11673 ||| DROPPING +0 heavy arbalest.
 11868 | Lair:4   | 11868 ||| RETREEEEATING.
 11870 | Lair:4   | 11870 ||| RETREEEEATING.
 11871 | Lair:4   | 11871 ||| RETREEEEATING.
 11872 | Lair:4   | 11872 ||| RETREEEEATING.
 11873 | Lair:4   | 11873 ||| RETREEEEATING.
 11874 | Lair:4   | 11874 ||| RETREEEEATING.
 11877 | Lair:4   | 11877 ||| RETREEEEATING.
 11879 | Lair:4   | 11879 ||| INVOKING Finesse.
 11881 | Lair:4   | Received a gift from Okawaru
 11946 | Lair:4   | Found a viscous altar of Jiyva.
 11946 | Lair:4   | Found a staircase to the Slime Pits.
 12169 | Lair:4   | 12169 ||| READING 5 scrolls of identify.
 12169 | Lair:4   | 12169 ||| IDENTIFYING fizzy purple potion
 12202 | Lair:5   | Entered Level 5 of the Lair of Beasts
 12206 | Lair:5   | 12206 ||| RETREEEEATING.
 12207 | Lair:5   | 12207 ||| RETREEEEATING.
 12209 | Lair:5   | 12209 ||| RETREEEEATING.
 12211 | Lair:5   | 12211 ||| INVOKING Finesse.
 12214 | Lair:5   | 12214 ||| INVOKING Heroism.
 12221 | Lair:5   | 12221 ||| RETREEEEATING.
 12555 | Lair:5   | Reached skill level 15 in Ranged Weapons
 12639 | Lair:5   | 12639 ||| RETREEEEATING.
 12645 | Lair:5   | 12645 ||| RETREEEEATING.
 12646 | Lair:5   | 12646 ||| INVOKING Finesse.
 12652 | Lair:5   | Received a gift from Okawaru
 12780 | Lair:5   | 12780 ||| INVOKING Finesse.
 12794 | Lair:5   | Reached skill level 19 in Dodging
 12826 | Lair:5   | 12826 ||| RETREEEEATING.
 12840 | Lair:5   | 12840 ||| INVOKING Finesse.
 12951 | Lair:5   | Found a corrupted altar of Lugonu.
 12951 | Lair:5   | Found a one-way gate to the infinite horrors of the Abyss.
 12959 | Lair:5   | Got an earthy gem with 917 turns to spare
 13023 | Lair:5   | Received a gift from Okawaru
 13156 | Lair:5   | 13156 ||| Stepping ~*~*~tactically~*~*~ (cloud).
 13157 | Lair:5   | 13157 ||| Stepping ~*~*~tactically~*~*~ (cloud).
 13386 | Lair:5   | 13386 ||| PLANNING D
 13386 | Lair:5   | 13386 ||| DROPPING scarf of invisibility.
 13535 | D:12     | Reached XP level 14. HP: 64/70 MP: 7/22
 13875 | D:12     | 13875 ||| RETREEEEATING.
 13883 | D:12     | 13883 ||| RETREEEEATING.
 13885 | D:12     | 13885 ||| RETREEEEATING.
 13886 | D:12     | 13886 ||| RETREEEEATING.
 14309 | D:12     | 14309 ||| DROPPING ring of poison resistance.
 14602 | D:13     | 14602 ||| RETREEEEATING.
 14603 | D:13     | 14603 ||| RETREEEEATING.
 14604 | D:13     | 14604 ||| RETREEEEATING.
 14606 | D:13     | 14606 ||| RETREEEEATING.
 14607 | D:13     | 14607 ||| RETREEEEATING.
 14685 | D:13     | 14685 ||| INVOKING Finesse.
 14703 | D:13     | Received a gift from Okawaru
 14926 | D:13     | 14926 ||| RETREEEEATING.
 14928 | D:13     | 14928 ||| RETREEEEATING.
 14931 | D:13     | 14931 ||| INVOKING Finesse.
 14946 | D:13     | Reached skill level 20 in Dodging
 15684 | D:14     | 15684 ||| RETREEEEATING.
 15851 | D:14     | 15851 ||| RETREEEEATING.
 15864 | D:14     | Received a gift from Okawaru
 16029 | D:14     | 16029 ||| INVOKING Finesse.
 16049 | D:14     | 16049 ||| RETREEEEATING.
 16050 | D:14     | 16050 ||| RETREEEEATING.
 16505 | D:14     | 16505 ||| RETREEEEATING.
 16507 | D:14     | 16507 ||| RETREEEEATING.
 16521 | D:14     | 16521 ||| INVOKING Finesse.
 16522 | D:14     | 16522 ||| ZAPPING wand of quicksilver (9) at -3,0
                  | (ironbound frostheart; floor).
 16523 | D:14     | 16523 ||| ZAPPING wand of quicksilver (8) at -3,0
                  | (ironbound frostheart; floor).
 16524 | D:14     | 16524 ||| ZAPPING wand of quicksilver (7) at -3,0
                  | (ironbound frostheart; floor).
 16525 | D:14     | 16525 ||| ZAPPING wand of quicksilver (6) at -3,0
                  | (ironbound frostheart; floor).
 16528 | D:14     | Reached skill level 21 in Dodging
 16529 | D:14     | HP: 6/72 [vault guard/+0 great mace (20)]
 16530 | D:14     | 16530 ||| READING 5 scrolls of teleportation.
 16530 | D:14     | Demolished by a vault guard

Levels and vault maps discovered:
D:1:      co_arrival_random_square_maze, layout_loops_ring,
          shapermc_ecumenical_altar_mp_highgroup
D:2:      layout_basic, serial_rivers, chequers_serial_rivers_micro_d,
          chequers_serial_rivers_micro_a, chequers_serial_rivers_small_a,
          chequers_serial_rivers_micro_b, chequers_serial_rivers_room_b
D:3:      minmay_roachtagon, layout_rooms, grunt_temple_overflow_open,
          kennysheep_potato
D:4:      layout_basic, mainiacjoe_overflow_24_doors, serial_shops,
          shop_fountains, uniq_menkaure, uniq_duvessa
D:5:      layout_basic, regret_index_kikubaaqudgha_part_by_part,
          general_overflow_altar, nicolae_qazlal_scattered_showers,
          kennysheep_windowed_goal, uniq_grinder
D:6:      layout_rooms, mainiacjoe_overflow_chevrons
D:7:      minmay_the_grid_four_pointed_star [minmay_the_grid_triangle_9x9_empty,
          minmay_the_grid_triangle_9x9_thin_v,
          minmay_the_grid_triangle_9x9_steps,
          minmay_the_grid_triangle_9x9_subtriangle,
          minmay_the_grid_prize_shrinking_boxes], layout_loops_ring,
          lemuel_tele_altar, temple_hall, lightli_orcish_oven
D:8:      layout_gridville, serial_shops, shop, nicolae_transmutations_shop,
          uniq_maurice, uniq_joseph
D:9:      layout_grid_maze, enter_bailey_2
D:10:     layout_loops_ring, nicolae_overflow_crystal_walls,
          nicolae_water_bricks
D:11:     layout_basic, lair_entry_dummy, orc_0_dummy
D:12:     layout_roguey
D:13:     layout_stronghold
D:14:     layout_loops_ring, hellmonk_vaults_keyhole, dk_noncrumbling_2
Temple:   jpeg_temple_clearing
Lair:1:   layout_roguey
Lair:2:   layout_chaotic_city, guppyfry_snake_entry_island,
          ebering_ghost_inner_flame, eino_house_with_fridge, grunt_megastairs_4
Lair:3:   layout_hall_layers, minmay_shoals_entry_centaurs, evilmike_ambush
          [evilmike_ambush_outer_pillars, evilmike_ambush_inner_basic],
          grunt_megastairs_1, lemuel_fruit_tree
Lair:4:   layout_small_grid, slime_entry_1
Lair:5:   hellmonk_lair_end_abyssal_woods, layout_misc_corridors,
          grunt_megastairs_3

Skill      XL: |  1  2  3  4  5  6  7  8  9 10 11 12 13 14 |
---------------+-------------------------------------------+-----
Dodging        | 3 4 6 7 9 12 13 15 17 18 19 21 | 21.0
Ranged Weapons | 10 11 12 13 14 15 17 | 17.0
Fighting       | 2 3 4 5 6 7 |  7.0
Invocations    | 3 4 8 10 | 10.0
Armour         | 1 2 |  2.0
Stealth        | |  1.5

Action                     |  1- 3 |  4- 6 |  7- 9 | 10-12 | 13-15 || total
---------------------------+-------+-------+-------+-------+-------++-------
   Fire: Shortbow          |    60 |   146 |    32 |       |       ||   238
         Arbalest          |       |       |   179 |    58 |    18 ||   255
         Orcbow            |       |       |       |   689 |     4 ||   693
         Hand cannon       |       |       |       |       |   624 ||   624
 Invoke: Heroism           |       |       |       |     5 |     1 ||     6
         Finesse           |       |       |       |     2 |     9 ||    11
         Receive Weapon    |       |       |       |       |     1 ||     1
         Receive Armour    |       |       |       |       |     1 ||     1
  Evoke: Wand              |       |     7 |       |       |     4 ||    11
    Use: Scroll            |     4 |     9 |     5 |     8 |     2 ||    28
         Potion            |     1 |     1 |     3 |     2 |       ||     7
 Armour: Robe              |     7 |    36 |    20 |     3 |       ||    66
         Troll leather arm |       |       |       |    46 |     4 ||    50
         Acid dragon scale |       |       |       |       |    71 ||    71
  Dodge: Dodged            |     6 |    96 |   147 |   437 |   516 ||  1202
  Block: Other             |       |       |       |    85 |    80 ||   165
         Reflection        |       |       |       |     3 |       ||     3

Table legend:
 A = Non-vault XP
 B = Vault XP
 C = Vault XP percentage of total XP
 D = Non-vault monster count
 E = Vault monster count
 F = Vault count percentage of total count
                 A         B        C        D         E       F
            +---------+---------+-------+---------+---------+-------
      Total |   69041 |   29031 |  29.6 |     380 |     133 |  25.9
            +---------+---------+-------+---------+---------+-------
        D:1 |      38 |       0 |   0.0 |      23 |       0 |   0.0
        D:2 |      31 |       0 |   0.0 |      11 |       0 |   0.0
        D:3 |      18 |      22 |  55.0 |       8 |      11 |  57.9
        D:4 |     247 |     374 |  60.2 |      20 |       3 |  13.0
        D:5 |     440 |     652 |  59.7 |      14 |      14 |  50.0
        D:6 |     844 |       0 |   0.0 |      12 |       0 |   0.0
        D:7 |    2383 |    3805 |  61.5 |      32 |      20 |  38.5
        D:8 |    2086 |     927 |  30.8 |      22 |       2 |   8.3
        D:9 |    1308 |       0 |   0.0 |      30 |       0 |   0.0
       D:10 |    4699 |       0 |   0.0 |      30 |       0 |   0.0
       D:11 |    4203 |       0 |   0.0 |      20 |       0 |   0.0
       D:12 |    5904 |       0 |   0.0 |      21 |       0 |   0.0
       D:13 |   10676 |       0 |   0.0 |      26 |       0 |   0.0
       D:14 |   13256 |    3927 |  22.9 |      25 |       7 |  21.9
     Lair:1 |    3723 |       0 |   0.0 |      13 |       0 |   0.0
     Lair:2 |    3033 |    3544 |  53.9 |      12 |      25 |  67.6
     Lair:3 |    5710 |    2507 |  30.5 |      20 |      11 |  35.5
     Lair:4 |    4223 |       0 |   0.0 |      17 |       0 |   0.0
     Lair:5 |    6219 |   13273 |  68.1 |      24 |      40 |  62.5
            +---------+---------+-------+---------+---------+-------
